General information
- name: BNet
- type: Ladder team game (AT/RT)
- host: Battle.net
- saver: TeamCancer
map: Mur'gulOasis
- players: 8
- length: 29:10
- speed: Fast
- version: 1.28 W3XP
- replay type: Public
» download(190 KB)
Players
team 1 (winner)

»
open.game1 (
blue | 79 APM | 1256 actions | 15:48)
4 Blademaster
2 Wind Walk
2 Critical Strike
3 Shadow Hunter
1 Hex
2 Healing Wave
» actions
| Assign group hotkey | 14 | |
| Basic commands | 2 | |
| Build / train | 50 | |
| Enter build submenu | 18 | |
| Enter hero's abilities submenu | 7 | |
| Give item / drop item | 3 | |
| Right click | 589 | |
| Select / deselect | 160 | |
| Select group hotkey | 305 | |
| Use ability | 108 | |
1256 total
» units
| Peon | 7 | |
| Grunt | 3 | |
| Raider | 3 | |
| Spirit Walker | 2 | |
15 total
» upgrades
| Berserker Strength | 1 | |
| Ensnare | 1 | |
| Melee Weapons | 1 | |
| Armor | 1 | |
4 total
» buildings
| Altar of Storms | 1 | |
| Orc Burrow | 7 | |
| Voodoo Lounge | 1 | |
| Barracks | 1 | |
| Stronghold | 1 | |
| War Mill | 1 | |
| Spirit Lodge | 2 | |
| Beastiary | 1 | |
| Fortress | 1 | |
| Watch Tower | 2 | |
18 total
» build order
00:14 Altar of Storms
00:18 Orc Burrow
00:36 Voodoo Lounge
01:35 Barracks
01:58 Orc Burrow
03:02 Stronghold
04:47 War Mill
04:54 Orc Burrow
05:31 Spirit Lodge
05:45 Beastiary
06:36 Spirit Lodge
09:59 Fortress
10:07 Watch Tower
10:29 Orc Burrow
10:33 Watch Tower
12:13 Orc Burrow
14:06 Orc Burrow
14:19 Orc Burrow
» items
| Healing Salve | 4 | |
| Lesser Clarity Potion | 3 | |
| Scroll of Speed | 3 | |
| Boots of Speed | 1 | |
| Circlet of Nobility | 1 | |
| Potion of Healing | 1 | |
| Scroll of Town Portal | 2 | |
| Orb of Lightning | 1 | |
| Potion of Mana | 1 | |
17 total
TeamCancer (
pink | 66 APM | 1923 actions | 29:10)
8 Blademaster
3 Wind Walk
3 Critical Strike
1 Bladestorm
1 Mirror Image
» actions
| Assign group hotkey | 103 | |
| Basic commands | 32 | |
| Build / train | 93 | |
| Enter build submenu | 52 | |
| Enter hero's abilities submenu | 9 | |
| Give item / drop item | 2 | |
| Right click | 963 | |
| Select / deselect | 354 | |
| Select group hotkey | 153 | |
| Use ability | 162 | |
1923 total
» units
| Peon | 29 | |
| Grunt | 4 | |
| Wind Rider | 6 | |
| Troll Batrider | 18 | |
| Chimaera | 2 | |
59 total
» upgrades
| Reinforced Defenses | 2 | |
| Ranged Weapons | 1 | |
| Armor | 1 | |
| Reinforced Hides | 1 | |
5 total
» buildings
| Orc Burrow | 9 | |
| Altar of Storms | 1 | |
| Barracks | 1 | |
| Voodoo Lounge | 2 | |
| Stronghold | 2 | |
| War Mill | 3 | |
| Fortress | 1 | |
| Beastiary | 2 | |
| Watch Tower | 29 | |
| Great Hall | 1 | |
| Spirit Lodge | 1 | |
52 total
» build order
00:13 Orc Burrow
01:07 Orc Burrow
01:10 Altar of Storms
01:14 Barracks
02:23 Voodoo Lounge
02:59 Stronghold
03:27 War Mill
04:18 Orc Burrow
05:27 Fortress
05:30 Beastiary
05:30 Beastiary
05:40 Orc Burrow
07:13 Orc Burrow
07:36 Watch Tower
07:38 Watch Tower
07:40 Watch Tower
11:16 Great Hall
11:18 Watch Tower
11:19 Watch Tower
11:19 Watch Tower
11:19 Watch Tower
11:20 Watch Tower
11:21 Watch Tower
11:21 Watch Tower
11:22 Watch Tower
12:08 Voodoo Lounge
15:41 War Mill
16:36 Watch Tower
16:37 Watch Tower
16:37 Watch Tower
16:41 Watch Tower
16:41 Watch Tower
16:42 Watch Tower
16:46 Watch Tower
16:48 Watch Tower
17:01 Watch Tower
17:02 Watch Tower
17:04 Watch Tower
17:05 Watch Tower
17:07 Watch Tower
17:25 Spirit Lodge
19:39 Watch Tower
19:40 Watch Tower
19:41 Watch Tower
19:43 Watch Tower
20:00 Watch Tower
21:26 Orc Burrow
23:06 Orc Burrow
23:07 Orc Burrow
23:08 Orc Burrow
24:06 War Mill
26:11 Stronghold
» items
| Healing Salve | 8 | |
| Lesser Clarity Potion | 2 | |
| Scroll of Town Portal | 5 | |
| Orb of Lightning | 2 | |
17 total
a5aprocky (
teal | 33 APM | 609 actions | 18:35)
3 Demon Hunter
2 Evasion
1 Immolation
2 Priestess of the Moon
1 Trueshot Aura
1 Searing Arrows
2 Keeper of the Grove
1 Entangling Roots
1 Thorns Aura
» actions
| Basic commands | 1 | |
| Build / train | 49 | |
| Enter build submenu | 21 | |
| Enter hero's abilities submenu | 7 | |
| Give item / drop item | 1 | |
| Right click | 237 | |
| Select / deselect | 264 | |
| Use ability | 29 | |
609 total
» units
» upgrades
| Strength of the Wild | 3 | |
| Reinforced Hides | 1 | |
| Corrosive Breath | 1 | |
5 total
» buildings
| Altar of Elders | 1 | |
| Moon Well | 8 | |
| Ancient of War | 1 | |
| Hunter's Hall | 1 | |
| Ancient Protector | 5 | |
| Tree of Ages | 1 | |
| Tree of Eternity | 1 | |
| Ancient of Wonders | 1 | |
| Ancient of Wind | 1 | |
| Chimaera Roost | 3 | |
23 total
» build order
00:24 Altar of Elders
00:37 Moon Well
00:56 Ancient of War
01:49 Moon Well
01:57 Moon Well
02:47 Hunter's Hall
04:10 Ancient Protector
04:42 Tree of Ages
04:50 Ancient Protector
06:01 Moon Well
07:03 Tree of Eternity
07:08 Moon Well
07:25 Ancient of Wonders
08:42 Ancient Protector
09:33 Ancient of Wind
10:25 Ancient Protector
11:07 Chimaera Roost
11:09 Chimaera Roost
11:11 Chimaera Roost
13:18 Moon Well
13:20 Moon Well
13:22 Moon Well
16:09 Ancient Protector
» items
bartok976 (
orange | 36 APM | 540 actions | 15:03)
3 Mountain King
2 Storm Bolt
1 Bash
1 Goblin Alchemist
1 Healing Spray
» actions
| Assign group hotkey | 7 | |
| Build / train | 44 | |
| Enter build submenu | 15 | |
| Enter hero's abilities submenu | 4 | |
| Remove unit from queue | 1 | |
| Right click | 216 | |
| Select / deselect | 148 | |
| Select group hotkey | 72 | |
| Use ability | 33 | |
540 total
» units
| Peasant | 14 | |
| Footman | 7 | |
| Giant Sea Turtle | 1 | |
| Knight | 2 | |
24 total
» upgrades
| Masonry | 3 | |
| Gunpowder | 0 | |
| Swords | 1 | |
| Plating | 1 | |
| Lumber Harvesting | 1 | |
6 total
» buildings
| Farm | 5 | |
| Barracks | 1 | |
| Altar of Kings | 2 | |
| Scout Tower | 4 | |
| Arcane Tower | 1 | |
| Lumber Mill | 1 | |
| Guard Tower | 2 | |
| Keep | 1 | |
| Arcane Vault | 1 | |
| Blacksmith | 1 | |
| Castle | 1 | |
20 total
» build order
00:10 Farm
00:15 Barracks
00:45 Altar of Kings
00:50 Farm
01:29 Scout Tower
01:58 Farm
02:07 Arcane Tower
02:23 Lumber Mill
02:44 Farm
03:17 Scout Tower
04:17 Guard Tower
04:29 Keep
05:59 Arcane Vault
06:11 Blacksmith
07:34 Farm
07:36 Castle
09:57 Scout Tower
10:36 Guard Tower
13:32 Altar of Kings
14:10 Scout Tower
» items
team 2 (loser)

»
TouchMyCovfefe (
green | 53 APM | 1551 actions | 29:09)
5 Death Knight
3 Death Coil
2 Unholy Aura
3 Lich
2 Frost Nova
1 Frost Armor
» actions
| Assign group hotkey | 24 | |
| Basic commands | 10 | |
| Build / train | 59 | |
| ESC pressed | 10 | |
| Enter build submenu | 13 | |
| Enter hero's abilities submenu | 8 | |
| Give item / drop item | 1 | |
| Right click | 698 | |
| Select / deselect | 342 | |
| Select group hotkey | 283 | |
| Use ability | 103 | |
1551 total
» units
| Acolyte | 6 | |
| Ghoul | 6 | |
| Crypt Fiend | 10 | |
| Obsidian Statue | 3 | |
25 total
» upgrades
| Web | 1 | |
| Creature Attack | 2 | |
| Creature Carapace | 1 | |
| Destroyer Form | 1 | |
5 total
» buildings
| Crypt | 1 | |
| Ziggurat | 4 | |
| Altar of Darkness | 1 | |
| Graveyard | 1 | |
| Tomb of Relics | 2 | |
| Nerubian Tower | 3 | |
| Halls of the Dead | 1 | |
| Slaughterhouse | 2 | |
| Black Citadel | 1 | |
| Spirit Tower | 4 | |
20 total
» build order
00:20 Crypt
00:31 Ziggurat
00:44 Altar of Darkness
01:04 Graveyard
01:24 Ziggurat
01:36 Tomb of Relics
02:11 Nerubian Tower
03:46 Halls of the Dead
04:43 Ziggurat
06:35 Nerubian Tower
06:40 Ziggurat
07:21 Slaughterhouse
08:14 Black Citadel
10:03 Nerubian Tower
10:04 Spirit Tower
10:05 Spirit Tower
14:55 Spirit Tower
16:26 Slaughterhouse
16:28 Tomb of Relics
» items
| Rod of Necromancy | 2 | |
| Dust of Appearance | 2 | |
| Scroll of Town Portal | 3 | |
| Orb of Corruption | 3 | |
10 total

»
Golden-Freeza (
red | 60 APM | 1294 actions | 21:39)
5 Far Seer
2 Feral Spirit
3 Chain Lighting
5 Goblin Tinker
3 Pocket Factory
2 Engineering Upgrade
» actions
| Assign group hotkey | 40 | |
| Basic commands | 96 | |
| Build / train | 62 | |
| Enter build submenu | 15 | |
| Enter hero's abilities submenu | 11 | |
| Right click | 352 | |
| Select / deselect | 343 | |
| Select group hotkey | 229 | |
| Use ability | 145 | |
1294 total
» units
| Peon | 8 | |
| Grunt | 4 | |
| Giant Sea Turtle | 3 | |
| Raider | 7 | |
| Troll Batrider | 5 | |
27 total
» upgrades
| Armor | 2 | |
| Pillage | 1 | |
| Ensnare | 1 | |
| Melee Weapons | 3 | |
| Reinforced Defenses | 1 | |
8 total
» buildings
| Altar of Storms | 1 | |
| Orc Burrow | 5 | |
| Barracks | 1 | |
| War Mill | 1 | |
| Voodoo Lounge | 1 | |
| Stronghold | 3 | |
| Watch Tower | 2 | |
| Beastiary | 3 | |
| Fortress | 1 | |
| Great Hall | 1 | |
19 total
» build order
00:24 Altar of Storms
00:26 Orc Burrow
00:49 Barracks
01:56 Orc Burrow
02:38 War Mill
02:42 Voodoo Lounge
03:30 Stronghold
03:30 Stronghold
03:30 Stronghold
03:59 Orc Burrow
04:23 Watch Tower
05:56 Beastiary
06:18 Beastiary
07:42 Orc Burrow
12:13 Fortress
13:27 Watch Tower
14:13 Orc Burrow
17:17 Beastiary
20:54 Great Hall
» items
| Healing Salve | 4 | |
| Scroll of Town Portal | 5 | |
| Circlet of Nobility | 1 | |
10 total
WHY-ROD-GONE (
purple | 60 APM | 1748 actions | 29:09)
4 Blademaster
3 Wind Walk
1 Critical Strike
» actions
| Assign group hotkey | 17 | |
| Basic commands | 212 | |
| Build / train | 52 | |
| Enter build submenu | 30 | |
| Enter hero's abilities submenu | 4 | |
| Give item / drop item | 3 | |
| Right click | 592 | |
| Select / deselect | 234 | |
| Select group hotkey | 481 | |
| Use ability | 123 | |
1748 total
» units
| Peon | 14 | |
| Wind Rider | 10 | |
| Raider | 1 | |
25 total
» upgrades
| Reinforced Defenses | 1 | |
| Envenomed Spears | 1 | |
| Ranged Weapons | 2 | |
| Armor | 2 | |
6 total
» buildings
| Altar of Storms | 1 | |
| Orc Burrow | 9 | |
| Voodoo Lounge | 1 | |
| Stronghold | 2 | |
| War Mill | 1 | |
| Beastiary | 3 | |
| Watch Tower | 22 | |
| Fortress | 2 | |
| Great Hall | 1 | |
42 total
» build order
00:08 Altar of Storms
00:18 Orc Burrow
01:04 Voodoo Lounge
02:06 Stronghold
02:07 Stronghold
02:34 Orc Burrow
02:34 Orc Burrow
02:36 Orc Burrow
03:49 War Mill
04:22 Orc Burrow
04:22 Orc Burrow
04:39 Beastiary
04:40 Beastiary
05:12 Watch Tower
05:12 Watch Tower
05:20 Watch Tower
06:03 Watch Tower
06:39 Fortress
06:39 Fortress
07:20 Watch Tower
07:25 Watch Tower
10:07 Watch Tower
10:08 Watch Tower
10:32 Orc Burrow
10:36 Orc Burrow
11:17 Watch Tower
11:59 Watch Tower
14:02 Watch Tower
14:03 Watch Tower
14:03 Watch Tower
14:04 Watch Tower
14:14 Watch Tower
14:16 Watch Tower
14:44 Watch Tower
15:21 Watch Tower
15:22 Watch Tower
15:27 Watch Tower
15:43 Beastiary
18:31 Watch Tower
18:35 Watch Tower
19:09 Orc Burrow
20:07 Great Hall
» items
| Healing Salve | 4 | |
| Lesser Clarity Potion | 1 | |
| Staff of Teleportation | 1 | |
| Dust of Appearance | 1 | |
| Orb of Lightning | 1 | |
| Tiny Great Hall | 1 | |
| Scroll of Town Portal | 1 | |
10 total

»
agentknox666 (
yellow | 101 APM | 2237 actions | 22:13)
5 Death Knight
2 Death Coil
3 Unholy Aura
» actions
| Basic commands | 8 | |
| Build / train | 180 | |
| Enter build submenu | 23 | |
| Enter hero's abilities submenu | 5 | |
| Remove unit from queue | 5 | |
| Right click | 1577 | |
| Select / deselect | 347 | |
| Use ability | 92 | |
2237 total
» units
| Acolyte | 15 | |
| Ghoul | 26 | |
| Crypt Fiend | 19 | |
| Gargoyle | 14 | |
| Frost Wyrm | 18 | |
92 total
» upgrades
| Cannibalize | 0 | |
| Creature Attack | 2 | |
| Web | 1 | |
| Creature Carapace | 2 | |
| Freezing Breath | 1 | |
6 total
» buildings
| Ziggurat | 7 | |
| Altar of Darkness | 1 | |
| Crypt | 2 | |
| Nerubian Tower | 12 | |
| Tomb of Relics | 1 | |
| Graveyard | 1 | |
| Halls of the Dead | 5 | |
| Spirit Tower | 16 | |
| Sacrificial Pit | 1 | |
| Black Citadel | 5 | |
| Boneyard | 4 | |
| Necropolis | 1 | |
56 total
» build order
00:10 Ziggurat
00:14 Altar of Darkness
00:43 Crypt
01:03 Nerubian Tower
01:03 Nerubian Tower
01:14 Tomb of Relics
01:33 Ziggurat
01:58 Graveyard
02:29 Nerubian Tower
02:30 Nerubian Tower
02:30 Nerubian Tower
03:46 Crypt
03:59 Ziggurat
05:12 Halls of the Dead
05:13 Halls of the Dead
05:13 Halls of the Dead
06:22 Spirit Tower
06:23 Spirit Tower
06:23 Spirit Tower
07:10 Ziggurat
07:39 Sacrificial Pit
08:06 Black Citadel
08:06 Black Citadel
08:37 Spirit Tower
08:37 Spirit Tower
09:39 Ziggurat
11:18 Boneyard
11:44 Spirit Tower
11:44 Spirit Tower
11:44 Spirit Tower
12:19 Boneyard
14:20 Boneyard
14:31 Boneyard
17:24 Ziggurat
17:26 Ziggurat
18:22 Spirit Tower
18:22 Spirit Tower
18:27 Nerubian Tower
18:27 Nerubian Tower
18:28 Nerubian Tower
19:43 Necropolis
» items
| Rod of Necromancy | 5 | |
| Dust of Appearance | 1 | |
| Scroll of Town Portal | 1 | |
7 total
Chat log
(00:13 / All) WHY-ROD-GONE: FREEEEEEEEEEEEEEEEEZA
(00:17 / Allies) bartok976: knights
(00:19 / All) Golden-Freeza: bow before me
(00:31 / All) Golden-Freeza: you dirty monkey saiyin
(00:37 / All) WHY-ROD-GONE: dbz is top 5 anime of all time
(01:00 / All) TeamCancer: that's like saying beetlejuice is top 5 smartest retard of all time
(01:14 / All) Golden-Freeza: name me better animes
(01:19 / All) WHY-ROD-GONE: naruto
(01:22 / All) a5aprocky: they all suck
(01:22 / All) WHY-ROD-GONE: deat note
(01:23 / All) open.game1: loony tunes
(01:25 / All) WHY-ROD-GONE: cowboy beebop
(01:27 / All) WHY-ROD-GONE: trigun
(01:28 / All) TeamCancer: Avatar the last airbender
(01:39 / All) Golden-Freeza: bebop is like 30 episodes lol
(01:41 / All) WHY-ROD-GONE: they dont have dbz's legacy tho
(01:42 / All) open.game1: family guy
(01:55 / All) WHY-ROD-GONE: ur either family guy guy or south park guy
(02:04 / All) open.game1: or both
(02:08 / All) TeamCancer: I'm a ren and stimply real man
(02:10 / All) Golden-Freeza: SP all the way
(02:10 / All) open.game1: altho new family guy sucks
(02:29 / All) Golden-Freeza: family guy hasn't been good since they got it back on the air
(02:32 / Allies) TeamCancer: gold friends?
(02:50 / Allies) TeamCancer: gold partners?
(03:02 / Allies) TeamCancer: thx pal
(04:56 / All) WHY-ROD-GONE: anyone else lagging
(04:59 / All) open.game1: tes
(05:01 / All) open.game1: yers
(05:04 / All) open.game1: yes
(05:32 / Allies) a5aprocky: ojshop
(06:25 / Allies) bartok976: shop here
(06:28 / Allies) a5aprocky: ty
(06:29 / Allies) TeamCancer: had formation on somehow
(07:14 / Allies) a5aprocky: creep mid
(07:22 / Allies) bartok976: k
(07:46 / Allies) bartok976: wait
(08:03 / Allies) bartok976: wait
(08:05 / Allies) bartok976: getting here
(08:17 / Allies) bartok976: shit
(08:28 / Allies) bartok976: you cant creep that with two archers
(08:46 / Allies) bartok976: eholasdf
(08:47 / Allies) bartok976: a
(08:48 / Allies) bartok976: asdf
(08:48 / Allies) bartok976: fa
(08:49 / Allies) bartok976: as
(09:07 / Allies) TeamCancer: lumber?
(09:36 / All) open.game1: allies are coming any moment now just wait
(09:51 / Allies) bartok976: knighbts soon
(10:10 / Allies) a5aprocky: b
(10:11 / Allies) bartok976: b
(10:12 / Allies) bartok976: b
(10:12 / Allies) bartok976: b
(10:48 / Allies) a5aprocky: oj wheres towers
(10:50 / Allies) a5aprocky: tp guys
(11:12 / Allies) open.game1: peosn back
(11:14 / Allies) bartok976: tp or game over
(11:16 / Allies) a5aprocky: tp
(11:17 / Allies) a5aprocky: tp
(12:03 / Allies) TeamCancer: gold didn't have 5 on mine
(12:16 / Allies) bartok976: stfu, i just lost everytihng
(12:25 / Allies) TeamCancer: lawl
(12:28 / Allies) bartok976: bc you guys wouldnt tp
(12:41 / Allies) a5aprocky: tp
(12:45 / Allies) a5aprocky: cmon
(12:47 / Allies) bartok976: tp or i leave
(12:51 / Allies) open.game1: and then i get hit
(12:59 / Allies) bartok976: we loose
(13:13 / Allies) open.game1: we lose either way
(13:46 / Allies) bartok976: gold plz
(13:53 / Allies) open.game1: look
(14:15 / Allies) a5aprocky: back to oj
(14:20 / Allies) open.game1: lol
(16:26 / Allies) TeamCancer: hit green
(18:49 / All) TeamCancer: buncha tards lol
(19:25 / All) TeamCancer: teal 2k lumbs I asked for lumber
(21:05 / All) TeamCancer: wtf happened to my mana
(21:25 / All) Golden-Freeza: leave this is boring
(21:30 / All) TeamCancer: fuck off faggot
(21:37 / All) TouchMyCovfefe: they're fucking whispering each other
(21:37 / All) Golden-Freeza: k gg
(21:40 / All) TouchMyCovfefe: to prolong it
(21:51 / All) WHY-ROD-GONE: just leave green lol
(22:03 / All) TeamCancer: I have no lumbs
(22:04 / All) TeamCancer: lol
(22:05 / All) TouchMyCovfefe: neg, i wanna keep you in this game
(22:06 / All) TeamCancer: 33 lumb
(22:10 / All) TouchMyCovfefe: for hours
(22:18 / All) TeamCancer: they raped my unfinished tower and I didn't cancel
(22:33 / All) TouchMyCovfefe: how long can i keep you in this game guys?
(22:41 / All) TeamCancer: not too long
(22:46 / All) TouchMyCovfefe: i bet you'd stay for a couple hours
(22:52 / All) TeamCancer: won't need to
(22:54 / All) TouchMyCovfefe: how long you willing to stay purp
(22:55 / All) TeamCancer: 5 mins you're toast
(23:24 / All) TouchMyCovfefe: hurry up purp
(23:32 / All) TouchMyCovfefe: quick now
(23:33 / All) TeamCancer: this gold mine is invincible?
(23:34 / All) TeamCancer: wtf
(23:37 / All) WHY-ROD-GONE: green was so nparanoid
(23:37 / All) TeamCancer: look at green mine
(23:40 / All) WHY-ROD-GONE: but couldnt do crap lawl
(23:43 / All) TeamCancer: I bladestormed that
(23:50 / All) TeamCancer: it did no damage LOL
(23:50 / All) TeamCancer: Wtf
(23:51 / All) TouchMyCovfefe: keep going purp
(23:54 / All) TouchMyCovfefe: cmon boy
(24:15 / All) TouchMyCovfefe: hurry up purp
(24:21 / All) TeamCancer: be quiet
(24:24 / All) WHY-ROD-GONE: lawl
(24:30 / All) TouchMyCovfefe: im glad i've made friends
(24:42 / All) WHY-ROD-GONE: green actually tried to tk me when he had units
(24:47 / All) WHY-ROD-GONE: now he resorts to this
(24:57 / All) TouchMyCovfefe: i'll literally stay here until you're finished
(25:15 / All) TouchMyCovfefe: but see, thats whats funnyu
(25:21 / All) WHY-ROD-GONE: thats cool i have stuff shift qued i can alt tab
(25:21 / All) TouchMyCovfefe: you will too :)
(25:29 / All) TouchMyCovfefe: nah, you don't
(25:36 / All) TouchMyCovfefe: you'll literally a-click everything
(25:39 / All) TouchMyCovfefe: for the next 30 minutes
(26:05 / All) TouchMyCovfefe: yup lol
(26:11 / All) WHY-ROD-GONE: now im alt tabbed
(26:16 / All) TouchMyCovfefe: as you type lol
(28:20 / All) TeamCancer: RAPED!!!
(28:35 / All) WHY-ROD-GONE: hope we don't in game with green again, raping him is boring
(28:43 / All) TeamCancer: he's too easy
(28:44 / All) TouchMyCovfefe: cya next time guys :)
(28:51 / All) TouchMyCovfefe: beware of those lvl 1 accts :)
(29:06 / All) WHY-ROD-GONE: farewell nub